Map: Central Protocol

Players

TOP - Winner!

  • Race: Terran Terran

LiquidTLO (TLO)

  • Race: Zerg Zerg
  • League: Grandmaster

Event: Homestory Cup XII

VOD

Have the link to the VOD?

Description

Time

  • Played on: Dec. 17, 2015, 5:50 p.m.
  • Length: 5:09

All games in this series

Show
View Real Time Build Order
Export as new Build Order

TOP Terran - Winner!

Build Orders:  

Get SALT Encoding   

  12  0:00  SCV  
  13  0:12  SCV  
  14  0:18  Supply Depot  
  14  0:25  SCV  
  15  0:39  SCV  
  15  0:40  Barracks  
  16  0:45  Refinery  
  16  0:52  SCV  
  17  1:02  Barracks  
  17  1:05  SCV  
  18  1:17  SCV  
  19  1:28  Reaper  
  19  1:29  Orbital Command  
  20  1:43  Barracks  
  20  1:45  Refinery  
  20  1:56  SCV  
  20  2:01  Reaper  
  22  2:02  Supply Depot  
  22  2:05  Reaper  
  23  2:24  SCV  
  23  2:26  Supply Depot  
  24  2:36  SCV, Reaper  
  26  2:37  Reaper  
  27  2:46  Reaper  
  27  2:47  Supply Depot  
  27  2:48  SCV  
  29  3:00  SCV  
  30  3:08  Reaper  
  30  3:09  Reaper  
  30  3:12  SCV  
  33  3:24  SCV  
  33  3:26  Reaper  
  34  3:36  SCV  
  34  3:40  Reaper  
  34  3:41  Command Center, Reaper  
  37  3:48  SCV  
  37  3:58  Reaper  
  37  4:01  SCV  
  33  4:12  Reaper  
  33  4:13  SCV, Reaper  
  35  4:25  SCV  
  35  4:30  Reaper  
  36  4:37  SCV  
  36  4:45  Command Center  
Show
View Real Time Build Order
Export as new Build Order

LiquidTLO Zerg 

Build Orders: Pool First 

Get SALT Encoding   

  12  0:00  Drone  
  13  0:08  Drone  
  14  0:16  Extractor  
  14  0:17  Drone  
  14  0:31  Spawning Pool  
  14  0:35  Drone  
  14  0:40  Extractor  
  14  0:42  Drone  
  15  0:51  Overlord  
  15  1:18  Metabolic Boost  
  15  1:19  Zergling x4  
  15  1:20  Zergling x2  
  18  1:26  Queen  
  18  1:32  Zergling x2  
  21  2:00  Hatchery  
  20  2:14  Roach Warren  
  19  2:17  Drone  
  20  2:25  Drone  
  20  2:29  Drone  
  22  2:38  Overlord  
  22  2:57  Roach x2  
  22  2:58  Roach  
  28  3:05  Drone  
  28  3:06  Drone  
  30  3:34  Overlord  
  30  3:35  Ravager  
  30  3:36  Ravager x2  
  30  3:37  Zergling x6  
  30  3:41  Overlord  
  36  3:45  Overlord  
  36  4:01  Roach x2  
  40  4:07  Roach  
  38  4:12  Roach  
  40  4:20  Roach  
  40  4:22  Roach x2  
  43  4:29  Roach  
  42  4:38  Extractor  
  35  4:41  Drone  
  36  4:48  Zergling x2  
Tags
 
Add a new tag
Caveats
  • Supply blocks, unpowered buildings, or Contaminate may cause inaccurate times.
  • Supply counts are checked every 10 seconds.